 Dungeon Crawl Stone Soup version 0.30.0-29-ga12c61a403 (webtiles) character file.

Game seed: 3235824856623534504

1074 DildoBatman the Conjurer (level 8, -7/61 HPs)
             Began as a Formicid Conjurer on June 9, 2023.
             Mangled by an ice beast (11 damage)
             ... on level 7 of the Dungeon.
             The game lasted 00:14:12 (5041 turns).

DildoBatman the Conjurer (Formicid Conjurer)        Turns: 5041, Time: 00:14:12

Health: -7/61      AC:  4    Str: 11    XL:     8   Next: 54%
Magic:  6/15       EV: 13    Int: 21    God:
Gold:   167        SH:  6    Dex: 24    Spells: 13/16 levels left

rFire   . . .        a - +1 dagger (venom)
rCold   . . .        v - +0 buckler
rNeg    + . .        m - +1 robe {rN+}
rPois   .            (helmet unavailable)
rElec   .            k - +0 cloak
rCorr   .            (no gloves)
SInv    +            (no boots)
Will    .....        (no amulet)
Stlth   +++          d - +6 ring of dexterity
HPRegen 0.30/turn    u - +6 ring of dexterity
MPRegen 0.14/turn

%: no passive effects
@: no status effects
A: permanent stasis, dig shafts and tunnels, antennae 3, four strong arms
a: Dig, Shaft Self


You were on level 7 of the Dungeon.
You visited 2 branches of the dungeon, and saw 8 of its levels.

You collected 233 gold pieces.
You spent 66 gold pieces at shops.

Inventory:

Hand Weapons
 a - a +1 dagger of venom (weapon)
 b - a +0 shortbow
 s - a +3 whip
Missiles
 r - 14 poisoned darts
Armour
 k - a +0 cloak (worn)
 m - a +1 robe of positive energy (worn)
 v - a +0 buckler (worn)
Magical Staves
 y - a staff of death
Jewellery
 d - a +6 ring of dexterity (left hand)
 t - an amulet of guardian spirit
 u - a +6 ring of dexterity (right hand)
Wands
 n - a wand of roots (14)
Scrolls
 c - a scroll of fear
 e - 2 scrolls of enchant armour
 i - a scroll of poison
 j - a scroll of fog
 w - a scroll of enchant weapon
 z - 4 scrolls of identify
Potions
 f - 2 potions of brilliance {unknown}
 g - 2 potions of mutation {unknown}
 h - 3 potions of heal wounds {unknown}
 l - 2 potions of curing {unknown}
 o - a potion of lignification {unknown}
 p - a potion of might {unknown}
 q - a potion of magic


   Skills:
 * Level 4.4 Fighting
 * Level 4.5 Armour
 - Level 3.0 Dodging
 - Level 3.0 Stealth
 * Level 2.6 Shields
 * Level 4.8 Spellcasting
 * Level 5.3 Conjurations


You had 13 spell levels left.
You knew the following spells:

 Your Spells              Type           Power      Damage    Failure   Level
a - Searing Ray           Conj           54%        2d6       2%          2
c - Magic Dart            Conj           100%       1d8       1%          1

Your spell library contained the following spells:

 Spells                   Type           Power      Damage    Failure   Level
 Dazzling Flash           Conj/Hex       32%        N/A       16%         3
 Iskenderun's Battlesphe  Conj           27%        2d8       43%         5
 Fulminant Prism          Conj/Hex       8%         3d7       45%         4
 Iskenderun's Mystic Bla  Conj/Tloc      16%        2d5       45%         4
 Fireball                 Conj/Fire      8%         3d6       82%         5
 Conjure Ball Lightning   Conj/Air       8%         3x3d6     100%        6
 Orb of Destruction       Conj           13%        9d7       100%        7


Dungeon Overview and Level Annotations

Branches:
Dungeon (7/15)             Temple (1/1) D:6

Altars:
Dithmenos
Elyvilon
Fedhas
Gozag
Hepliaklqana
Makhleb
Okawaru
Ru
Trog
Vehumet
Wu Jian
Xom
Zin
The Shining One

Shops:
D:3 ?   D:7 [

Annotations:
D:3 Grinder, Jessica, Natasha, Terence
D:4 exclusions: 2 scorpions, 3 sensed monsters (detected) and steam dragon, Ijyb
D:6 exclusion: black bear


Innate Abilities, Weirdness & Mutations

You cannot be hasted, slowed, berserked, paralysed or teleported.
You can dig through walls and to a lower floor.
You have a pair of large antennae on your head. (SInv)
Your four strong arms can wield two-handed weapons with a shield.


Message History

(Press . to maintain the ray.)
The searing ray hits the ice beast but does no damage.
The searing ray hits the ice beast but does no damage.
The searing ray hits the ice beast.
The ice beast is lightly wounded.
You finish channelling your searing ray.
The ice beast hits you but does no damage.
Casting: Searing Ray (safe; 2% risk of failure)
Confirm with . or Enter, or press ? or * to list all spells.
Aiming: Searing Ray (safe; 2% risk of failure)
Press: ? - help, Shift-Dir - straight line, f/p - ice beast
Aim: an ice beast (lightly wounded, 79% to hit)
The searing ray hits the ice beast.
The ice beast is moderately wounded. (Press . to maintain the ray.)
The ice beast hits you. The ice beast freezes you.
The searing ray hits the ice beast.
The ice beast is heavily wounded.
The ice beast hits you. The ice beast freezes you!
The searing ray hits the ice beast.
The ice beast is severely wounded.
The ice beast hits you. The ice beast freezes you!
The searing ray hits the ice beast.
The ice beast is severely wounded.
You finish channelling your searing ray.
The ice beast hits you. The ice beast freezes you!
Aiming: Fastroot
Press: ? - help, Shift-Dir - straight line, f/p - ice beast
Aim: an ice beast (severely wounded)
The roots erupt in riotous growth!
Roots grab the ice beast.
The grasping roots constrict the ice beast.
You hear an angry growl.
The ice beast hits you. The ice beast freezes you!
You die...

###.......# ..........####
#....###.....##############
#...####...........#.......
##...........#####.#....#
#....._.....#####.#....#####
#...#...##..................
##..###.###..########........
...## #..#.....Y@.......####.
##...........########...#
#...........#. ........
#.####....#.#.# ######.# #.
##...#.#.# # #. #...#.#.# #.
. ##


You could see an ice beast (rooted).

Vanquished Creatures
  A sky beast (D:6)
  2 ogres
  A centaur (D:5)
  2 scorpions (D:4)
  A crimson imp (D:6)
  3 jellies (D:5)
  A gnoll bouda (D:5)
  3 hounds (D:5)
  5 iguanas
  2 orc wizards (D:6)
  6 adders
  5 gnolls (D:5)
  A white imp (D:6)
  An ufetubus (D:4)
  3 dart slugs (D:1)
  A worm (D:2)
  6 orcs
  7 ball pythons
  5 bats
  5 endoplasms
  5 giant cockroaches
  4 hobgoblins
  4 jackals (D:5)
  4 quokkas
  8 goblins
  4 kobolds
  6 rats
96 creatures vanquished.

Notes
Turn   | Place    | Note
-------+----------+-------------------------------------------
     0 | D:1      | DildoBatman the Formicid Conjurer began the quest for the
                  | Orb.
     0 | D:1      | Reached XP level 1. HP: 13/13 MP: 3/3
   196 | D:1      | Reached XP level 2. HP: 20/20 MP: 1/5
   199 | D:1      | Learned a level 2 spell: Searing Ray
   453 | D:1      | Reached XP level 3. HP: 25/25 MP: 2/6
   550 | D:1      | Reached skill level 1 in Fighting
   942 | D:2      | Reached skill level 1 in Armour
   965 | D:2      | Reached XP level 4. HP: 29/32 MP: 2/7
  2051 | D:3      | Noticed Terence
  2068 | D:3      | Found Kuliop's Magic Scroll Shoppe.
  2099 | D:3      | Bought a scroll of identify for 22 gold pieces
  2109 | D:3      | Bought a scroll of fear for 44 gold pieces
  2161 | D:3      | Reached skill level 4 in Conjurations
  2161 | D:3      | Reached XP level 5. HP: 38/38 MP: 3/9
  2218 | D:3      | Noticed Jessica
  2218 | D:3      | Noticed Grinder
  2223 | D:3      | You fall into a shaft and drop 3 floors!
  2225 | D:6      | Noticed a sky beast
  2230 | D:6      | Killed a sky beast
  2231 | D:6      | Reached XP level 6. HP: 27/44 MP: 6/10
  2301 | D:6      | Found a staircase to the Ecumenical Temple.
  2317 | Temple   | Entered the Ecumenical Temple
  2378 | D:5      | Entered Level 5 of the Dungeon
  2484 | D:5      | Found a white marble altar of Elyvilon.
  2673 | D:5      | Reached XP level 7. HP: 18/52 MP: 9/12
  2911 | D:5      | Found a sacrificial altar of Ru.
  2928 | D:5      | Found a blossoming altar of Fedhas.
  2994 | D:5      | Found a shadowy altar of Dithmenos.
  3005 | D:5      | Found a hazy altar of Hepliaklqana.
  3690 | D:4      | Found a glowing silver altar of Zin.
  3690 | D:4      | Found a radiant altar of Vehumet.
  3709 | D:4      | Noticed a steam dragon
  3790 | D:4      | Found an ornate altar of the Wu Jian Council.
  3853 | D:4      | Reached skill level 1 in Shields
  3853 | D:4      | Reached skill level 5 in Conjurations
  3853 | D:4      | Reached XP level 8. HP: 60/60 MP: 14/14
  3921 | D:4      | Found an opulent altar of Gozag.
  3934 | D:4      | Noticed Ijyb
  4109 | D:4      | Found an iron altar of Okawaru.
  4180 | D:3      | Noticed Natasha
  4321 | D:3      | You fall into a shaft and drop 3 floors!
  4473 | D:6      | Found a shimmering altar of Xom.
  4473 | D:6      | Found a burning altar of Makhleb.
  4964 | D:7      | Found Unaitt's Antique Armour Boutique.
  4991 | D:7      | Found a bloodstained altar of Trog.
  5041 | D:7      | Mangled by an ice beast

Illustrated notes

Levels and vault maps discovered:
D:1:      dpeg_arrival_renting, layout_basic, st_stairs_2
D:2:      layout_loops_corners, kennysheep_doodads
D:3:      layout_basic, led_sif_pool, serial_shops, nicolae_shop_tiny_glass,
          uniq_natasha, uniq_jessica, uniq_grinder, uniq_terence
D:4:      old_forge, layout_basic, amcnicky_altar_gilded,
          mainiacjoe_overflow_catwalk, mainiacjoe_overflow_small_starburst,
          old_standard_altar, kennysheep_mini_moat, st_stairs_8, uniq_ijyb
D:5:      layout_basic, elyvilon_altar_3, nicolae_overflow_quartered_altars
D:6:      layout_loops_ring, grunt_temple_overflow_champion_of_chaos,
          minmay_temple_entry_trees, serial_glass, glass_columns_b,
          glass_columns_c
D:7:      layout_basic, grunt_qazlal_clouds, trog_three_pillars_becter,
          nicolae_stop_n_shop_2, minivault_22, minmay_misc_feat_nine_boxes,
          item_on_display_a
Temple:   ebering_the_one_and_only

Skill      XL: |  1  2  3  4  5  6  7  8 |
---------------+-------------------------+-----
Dodging        | 2 3 |  3.0
Fighting       | 1 2 3 4 |  4.4
Stealth        | 3 |  3.0
Armour         | 1 2 3 4 |  4.5
Conjurations   | 4 5 |  5.3
Spellcasting   | 3 4 |  4.8
Shields        | 1 2 |  2.6

Action                     |  1- 3 |  4- 6 |  7- 9 || total
---------------------------+-------+-------+-------++-------
  Melee: Club              |     6 |       |       ||     6
         Dagger            |    24 |    36 |    94 ||   154
         Punch             |     1 |       |     2 ||     3
         Rapier            |       |     4 |       ||     4
   Fire: Shortbow          |       |       |    10 ||    10
   Cast: Magic Dart        |    42 |    18 |     3 ||    63
         Searing Ray       |     2 |    12 |    14 ||    28
Ability: Shaft Self        |       |     1 |     1 ||     2
         Dig               |       |     1 |       ||     1
  Evoke: Wand              |       |       |     1 ||     1
    Use: Scroll            |       |     5 |     4 ||     9
   Stab: Sleeping          |     1 |     1 |     8 ||    10
 Armour: Robe              |    12 |    14 |    19 ||    45
  Dodge: Dodged            |    15 |    35 |    63 ||   113
